 Dungeon Crawl Stone Soup version 0.31-a0-486-g8d68a81214 (webtiles) character file.

Game seed: 16226452811797853614

1411 lessens the Cleaver (level 8, -3/58 HPs)
             Began as a Demonspawn Fighter on Aug 7, 2023.
             Was an Initiate of Trog.
             Killed from afar by a steam dragon (17 damage)
             ... with a ball of steam
             ... on level 5 of the Dungeon.
             The game lasted 00:07:04 (6319 turns).

lessens the Cleaver (Demonspawn Fighter)            Turns: 6319, Time: 00:07:04

Health: -3/58      AC: 11    Str: 18    XL:     8   Next: 43%
Magic:  8/8        EV:  9    Int: 10    God:    Trog [......]
Gold:   191        SH:  4    Dex: 13    Spells: 7/7 levels left

rFire   . . .        l - +0 broad axe
rCold   . . .        c - +0 buckler
rNeg    . . .        b - +0 scale mail
rPois   +            w - +0 helmet
rElec   .            (no cloak)
rCorr   .            o - +0 pair of gloves
SInv    .            (no boots)
Will    .....        (no amulet) Stlth
                     n - ring of poison resistance
HPRegen 0.29/turn    (no ring)
MPRegen 0.11/turn

%: no passive effects
@: no status effects
A: molten scales 2, demonic guardian 1, foul stench 1, weakness stinger 1
a: Renounce Religion


You were on level 5 of the Dungeon.
You worshipped Trog.
Trog was noncommittal.
You visited 2 branches of the dungeon, and saw 7 of its levels.

You collected 191 gold pieces.

Inventory:

Hand Weapons
 a - a +0 war axe
 l - a +0 broad axe (weapon)
Missiles
 g - 57 stones
 r - 6 boomerangs
 s - 6 curare-tipped darts (quivered)
 t - 6 javelins
 z - 14 poisoned darts
 E - a throwing net
Armour
 b - a +0 scale mail (worn)
 c - a +0 buckler (worn)
 o - a +0 pair of gloves (worn)
 p - a +1 leather armour of cold resistance
 w - a +0 helmet (worn)
Jewellery
 n - a ring of poison resistance (left hand)
 x - a ring of ice
 y - a +4 ring of protection
Scrolls
 j - 3 scrolls of identify
 k - 3 scrolls of vulnerability {unknown}
 m - 2 scrolls of amnesia {unknown}
 q - a scroll of blinking {unknown}
 D - a scroll of brand weapon {unknown}
 F - a scroll of teleportation {unknown}
 H - a scroll of fear {unknown}
Potions
 d - 3 potions of might
 e - a potion of invisibility {unknown}
 f - 2 potions of lignification
 h - 3 potions of degeneration {unknown}
 i - a potion of brilliance {unknown}
 u - 6 potions of curing
 v - a potion of magic {unknown}
 A - a potion of berserk rage {unknown}
 B - a potion of attraction {unknown}
 C - 2 potions of ambrosia {unknown}
 G - a potion of enlightenment {unknown}


   Skills:
 - Level 3.0 Fighting
 + Level 9.8 Axes
 - Level 2.6 Armour
 - Level 2.6 Shields


You had 7 spell levels left.
You didn't know any spells.
Your spell library contained the following spells:

 Spells                   Type           Power      Damage    Failure   Level
 Poisonous Vapours        Pois/Air       0%         N/A       93%         2
 Sublimation of Blood     Necr           0%         N/A       93%         2
 Mephitic Cloud           Conj/Pois/Air  0%         N/A       99%         3
 Petrify                  Tmut/Erth      0%         N/A       100%        4
 Freezing Cloud           Conj/Ice/Air   0%         6-21      100%        5
 Irradiate                Conj/Tmut      0%         3d11      100%        5


Dungeon Overview and Level Annotations

Branches:
Dungeon (6/15) Zot: 26872  Temple (1/1) D:4 Zot: 5981

Altars:
Ashenzari
Cheibriados
Dithmenos
Fedhas
Gozag
Hepliaklqana
Kikubaaqudgha
Makhleb
Nemelex Xobeh
Sif Muna
Trog
Uskayaw
Yredelemnul


Innate Abilities, Weirdness & Mutations

You are mostly covered in molten scales. (AC +3)
A weak demonic guardian rushes to your aid.
You may rarely emit foul miasma when damaged in melee.
You have a small tail.


Message History

The steam dragon barely misses you.
The water moccasin is engulfed in a cloud of scalding steam.
The water moccasin bites you but does no damage.
There is a stone staircase leading up here.
The water moccasin is engulfed in a cloud of scalding steam.
The water moccasin completely misses you.
The black bear is engulfed in a cloud of scalding steam.
The steam dragon bites you. The steam dragon barely misses you.
You climb upwards.
There is a stone staircase leading down here.
You hit the steam dragon.
The steam dragon is lightly wounded.
You hit the water moccasin. The water moccasin barely misses you.
The steam dragon barely misses you. The steam dragon claws you.
The water moccasin bites you but does no damage.
You hit the steam dragon but do no damage.
Your tail-slap misses the steam dragon.
The steam dragon is lightly wounded.
You barely miss the water moccasin. The water moccasin closely misses you.
The steam dragon breathes steam at you. The ball of steam hits you!
* * * LOW HITPOINT WARNING * * *
The water moccasin closely misses you.
The steam dragon bites you but does no damage.
The steam dragon claws you but does no damage.
The water moccasin bites you but does no damage.
You miss the water moccasin. You tail-slap the water moccasin.
The water moccasin is almost dead.
You hit the steam dragon. The water moccasin bites you!
* * * LOW HITPOINT WARNING * * *
A demonic guardian appears!
You are poisoned.
The water moccasin poisons you! The steam dragon bites you.
* * * LOW HITPOINT WARNING * * *
You block the steam dragon's attack.
It was a potion of curing.
You feel better. The water moccasin closely misses you.
The steam dragon breathes steam at you. The ball of steam hits you!
You die...

####.....##.####.#..# #.....:##.
#.....##.## #...## #......##.
#.....##..###..## #......##'
#.....###...#..######........
#.....# ###.........+........
#.....# ##....#####.......)
#.....# #..#.##...........
#.....# #DS#.##.##........
############@§#.##.#.........
#.....>..§5§.#.#.........
#.########§§.§.#.........
####'########...§.##########
#...........#.§§§.'.........
#...........#....§##########
#...........#.....##########
#######._..#######...............
.......§..## #........<.....#


You could see a steam dragon (catching breath, ally target), a water moccasin
and a friendly shadow imp (summoned).

Vanquished Creatures
  Sigmund (D:5)
  An ice beast (D:3)
  3 black bears
  An ogre (D:4)
  A phantom (D:5)
  A kobold brigand (D:5)
  A scorpion (D:5)
  A howler monkey (D:5)
  A jelly (D:4)
  Terence (D:3)
  An iguana (D:4)
  Natasha (thrice) (D:3)
  2 orc wizards
  Robin (D:4)
  3 gnolls (D:5)
  3 adders
  3 ufetubi
  2 worms
  3 dart slugs
  19 orcs
  A bat (D:2)
  2 endoplasms
  4 giant cockroaches
  12 goblins
  14 hobgoblins
  4 quokkas
  7 ball pythons
  12 kobolds
  9 rats
117 creatures vanquished.

Vanquished Creatures (collateral kills)
  Eustachio (D:5)
  A kobold (D:5)
2 creatures vanquished.

Grand Total: 119 creatures vanquished

Notes
Turn   | Place    | Note
-------+----------+-------------------------------------------
     0 | D:1      | lessens the Demonspawn Fighter began the quest for the Orb.
     0 | D:1      | Reached XP level 1. HP: 18/18 MP: 1/1
    87 | D:1      | Reached skill level 2 in Axes
   164 | D:1      | Gained mutation: You may rarely emit foul miasma when
                  | damaged in melee. [demonic ancestry]
   164 | D:1      | Reached XP level 2. HP: 24/24 MP: 2/2
   631 | D:1      | Reached skill level 3 in Axes
   868 | D:2      | Reached XP level 3. HP: 29/29 MP: 3/3
  1841 | D:2      | HP: 1/29 [hobgoblin (4)]
  2205 | D:3      | Reached skill level 4 in Axes
  2205 | D:3      | Gained mutation: You are partially covered in molten
                  | scales. (AC +2) [demonic ancestry]
  2205 | D:3      | Reached XP level 4. HP: 33/35 MP: 4/4
  2248 | D:3      | Noticed an ice beast
  2355 | D:3      | Noticed Terence
  2362 | D:3      | Killed Terence
  2551 | D:3      | Killed an ice beast
  2552 | D:3      | Reached skill level 5 in Axes
  2552 | D:3      | Gained mutation: You have a small tail. [demonic ancestry]
  2552 | D:3      | Reached XP level 5. HP: 11/41 MP: 5/5
  2750 | D:3      | Found a broken altar of Ashenzari.
  3062 | D:3      | Noticed Natasha
  3069 | D:3      | Killed Natasha
  3150 | D:3      | Found a faded altar of an unknown god.
  3196 | D:3      | Noticed Natasha
  3206 | D:3      | Killed Natasha
  3207 | D:3      | Reached XP level 6. HP: 33/47 MP: 6/6
  3337 | D:3      | Noticed Natasha
  3346 | D:3      | Killed Natasha
  3347 | D:3      | Reached skill level 6 in Axes
  3416 | D:4      | Noticed Robin
  3432 | D:4      | Killed Robin
  3858 | D:4      | Reached skill level 7 in Axes
  3858 | D:4      | Gained mutation: A weak demonic guardian rushes to your
                  | aid. [demonic ancestry]
  3858 | D:4      | Reached XP level 7. HP: 26/52 MP: 7/7
  4697 | D:4      | Found a staircase to the Ecumenical Temple.
  4738 | D:5      | Entered Level 5 of the Dungeon
  4743 | D:5      | Noticed Eustachio
  4832 | D:5      | Reached skill level 8 in Axes
  5008 | D:5      | Found a shadowy altar of Dithmenos.
  5238 | D:5      | Killed Eustachio
  5239 | D:5      | Gained mutation: You are mostly covered in molten scales.
                  | (AC +3) [demonic ancestry]
  5239 | D:5      | Reached XP level 8. HP: 52/58 MP: 8/8
  5306 | D:5      | Reached skill level 9 in Axes
  5523 | D:5      | Noticed Sigmund
  5531 | D:5      | Killed Sigmund
  6130 | Temple   | Entered the Ecumenical Temple
  6139 | Temple   | Became a worshipper of Trog the Wrathful
  6319 | D:5      | Killed from afar by a steam dragon

Illustrated notes

Levels and vault maps discovered:
D:1:      psy_arrival_heroes, layout_basic, chequers_decorated_corner
D:2:      layout_basic
D:3:      layout_rooms, nicolae_ashenzari_skybound,
          nicolae_ecumenical_lake_church, serial_corexii_hall,
          corexii_hall_statues_i, corexii_hall_statues_i,
          corexii_hall_statues_u, chequers_hall_statues_y,
          kennysheep_small_spiral, dk_vineyard_1, minmay_misc_feat_rugged,
          hangedman_decor_clover_reticule, uniq_natasha, uniq_terence
D:4:      layout_gridville, minmay_temple_entry_from_below_a, uniq_robin
D:5:      layout_basic, grunt_dithmenos_smoke, uniq_eustachio, uniq_sigmund
D:6:      layout_rooms, nicolae_overflow_hallway_of_the_gods,
          uniq_crazy_yiuf_cottage, uniq_grinder
Temple:   nicolae_temple_ecumenical_triangle

Skill      XL: |  1  2  3  4  5  6  7  8 |
---------------+-------------------------+-----
Axes           | 2 3 4 5 7 8 9 |  9.8
Fighting       | |  3.0
Armour         | |  2.6
Shields        | |  2.6

Action                     |  1- 3 |  4- 6 |  7- 9 || total
---------------------------+-------+-------+-------++-------
  Melee: War axe           |    67 |       |       ||    67
         Broad axe         |    57 |   144 |   113 ||   314
         Tailslap          |       |    13 |    17 ||    30
  Throw: Dart              |       |     1 |     2 ||     3
    Use: Potion            |     1 |       |     1 ||     2
         Scroll            |     1 |       |       ||     1
   Stab: Distracted        |       |       |     1 ||     1
 Armour: Scale mail        |    62 |    84 |    67 ||   213
         Skin              |     2 |       |       ||     2
         Leather armour    |       |     5 |       ||     5
  Dodge: Dodged            |    72 |    54 |    79 ||   205
  Block: Buckler           |    32 |    35 |    31 ||    98

Table legend: (Time is in decaauts)
 A = Elapsed time spent in this place.
 B = Non-inter-level travel time spent in this place.
 C = Inter-level travel time spent in this place.
 D = Time resting spent in this place.
 E = Time spent auto-exploring this place.
 F = Levels seen in this place.
 G = Mean time per level.
                   A        B        C        D        E       F      G
               +--------+--------+--------+--------+--------+-----+--------+
         Total |   6447 |   6013 |    434 |    170 |   4577 |   7 |  921.0 |
       Dungeon |   6429 |   5995 |    434 |    170 |   4577 |   6 | 1071.5 |
        Temple |     18 |     18 |      0 |      0 |      0 |   1 |   18.0 |
               +--------+--------+--------+--------+--------+-----+--------+

Top non-repeatable levels by time:
     D:4: 1448 daAuts
     D:3: 1423 daAuts
     D:5: 1403 daAuts
     D:2: 1301 daAuts
     D:1: 732 daAuts
     D:6: 120 daAuts
  Temple: 18 daAuts

Levels and vault maps discovered:
D:1:      psy_arrival_heroes, layout_basic, chequers_decorated_corner
D:2:      layout_basic
D:3:      layout_rooms, nicolae_ashenzari_skybound,
          nicolae_ecumenical_lake_church, serial_corexii_hall,
          corexii_hall_statues_i, corexii_hall_statues_i,
          corexii_hall_statues_u, chequers_hall_statues_y,
          kennysheep_small_spiral, dk_vineyard_1, minmay_misc_feat_rugged,
          hangedman_decor_clover_reticule, uniq_natasha, uniq_terence
D:4:      layout_gridville, minmay_temple_entry_from_below_a, uniq_robin
D:5:      layout_basic, grunt_dithmenos_smoke, uniq_eustachio, uniq_sigmund
D:6:      layout_rooms, nicolae_overflow_hallway_of_the_gods,
          uniq_crazy_yiuf_cottage, uniq_grinder
Temple:   nicolae_temple_ecumenical_triangle
